 Dungeon Crawl Stone Soup version 0.28.0-53-g5a82cb258f (webtiles) character file.

Game seed: 7453069859386722854

1144 rabbi the Ruffian (level 8, 0/72 (75) HPs)
             Began as a Troll Monk on June 25, 2022.
             Was a Follower of Zin.
             Slain by a fire elemental (13 damage)
             ... created by the fiery vengeance of Ignis
             ... on level 4 of the Dungeon.
             The game lasted 00:24:05 (4106 turns).

rabbi the Ruffian (Troll Monk)                      Turns: 4106, Time: 00:24:06

HP:   0/72 (75)     AC:  4    Str: 22    XL:     8   Next: 15%
MP:   7/7           EV: 11    Int:  6    God:    Zin [*.....]
Gold: 138           SH:  0    Dex: 12    Spells: 7/7 levels left

rFire   . . .      SeeInvis .     - Unarmed
rCold   . . .      Faith    .   (no shield)
rNeg    . . .      Spirit   .   k - +0 animal skin
rPois   .          Reflect  .   (helmet restricted)
rElec   .          Harm     .   (no cloak)
rCorr   .          Rampage  .   (gloves unavailable)
Will    .....                   (boots unavailable)
Stlth   ++........              (no amulet)
HPRegen 1.02/turn               (no ring)
MPRegen 0.10/turn               (no ring)

@: lightly drained, fire susceptible
A: large, unfitting armour, claws 3, regeneration 1, shaggy fur 1, tough skin 1
a: Renounce Religion, Recite, Donate Gold


You were on level 4 of the Dungeon.
You worshipped Zin.
Zin was aware of your devotion.
You visited 1 branch of the dungeon, and saw 5 of its levels.

You collected 153 gold pieces.
You donated 15 gold pieces to Zin.

Inventory:

Missiles
 n - 3 poisoned darts (quivered)
Armour
 a - a +0 robe
 k - a +0 animal skin (worn)
Jewellery
 q - a ring of wizardry
Wands
 o - a wand of digging (3)
Scrolls
 b - a scroll of enchant armour
 c - 4 scrolls of fog
 g - a scroll of magic mapping {unknown}
 l - a scroll of vulnerability {unknown}
 r - a scroll of enchant weapon {unknown}
Potions
 d - 2 potions of curing
 e - a potion of resistance {unknown}
 f - a potion of mutation {unknown}
 h - a potion of lignification {unknown}
 i - a potion of brilliance {unknown}
 j - 2 potions of heal wounds
 m - a potion of attraction {unknown}
 p - a potion of haste {unknown}


   Skills:
 + Level 3.5 Fighting
 + Level 0.3 Throwing
 + Level 4.3 Dodging
 + Level 2.3 Stealth
 + Level 7.8 Unarmed Combat


You had 7 spell levels left.
You didn't know any spells.
Your spell library contained the following spells:

 Spells                   Type           Power      Damage    Failure   Level
 Blink                    Tloc           0%         N/A       58%         2
 Frozen Ramparts          Ice            0%         1d2       83%         3
 Ice Form                 Ice/Tmut       0%         N/A       99%         4
 Summon Ice Beast         Ice/Summ       0%         N/A       99%         4
 Manifold Assault         Tloc           0%         N/A       100%        5
 Storm Form               Tmut/Air       0%         N/A       100%        7


Dungeon Overview and Level Annotations

Branches:
Dungeon (5/15)
 Temple: D:4-7

Altars:
Okawaru
Yredelemnul
Zin
Ignis

Annotations:
D:5 2 runed translucent doors


Innate Abilities, Weirdness & Mutations

You are too large for most types of armour.
You have claws for hands.
Your natural rate of healing is unusually fast.
You are covered in fur. (AC +1)
You have tough skin. (AC +1)


Message History

The fire elemental closely misses you.
You climb upwards.
There is a stone staircase leading down here.
Press: ? - help, v - describe, . - travel The floor.
You scratch the fire elemental but do no damage.
The fire elemental barely misses you.
You closely miss the fire elemental. The fire elemental closely misses you.
You barely miss the fire elemental. The fire elemental misses you.
The fire elemental barely misses you.
You mangle the fire elemental!! You claw the fire elemental!
You destroy the fire elemental!
That felt strangely unrewarding.
You can't go up here!
You climb downwards.
Level annotation: 2 runed translucent doors The fire elemental misses you.
The fire elemental barely misses you.
There is a stone staircase leading up here.
The fire elemental hits you. The fire elemental burns you!
The fire elemental hits you. The fire elemental burns you!
You climb upwards.
There is a stone staircase leading down here.
You barely miss the fire elemental. The fire elemental barely misses you.
You closely miss the fire elemental. The fire elemental hits you.
The fire elemental burns you!
You claw the fire elemental!
The fire elemental is moderately damaged.
The fire elemental hits you. The fire elemental burns you!
You closely miss the fire elemental.
The fire elemental is moderately damaged.
The fire elemental hits you. The fire elemental burns you!
You scratch the fire elemental but do no damage.
The fire elemental is moderately damaged.
The fire elemental closely misses you.
You closely miss the fire elemental.
The fire elemental is moderately damaged.
The fire elemental hits you. The fire elemental burns you!
* * * LOW HITPOINT WARNING * * *
The fire elemental hits you. The fire elemental burns you!
You die...

*,,,,,............# *,*,****(,
*,,,,,............# *,),,,,,,,
***,*,,.............# *,***†**,,
*,,,,,*###....#.###.# *,* *,,*,,
*,*,*,* #....#.###.###,***,,***
*,,,*,* #.............,,,,,,*
*,,**,* #....#.###....,,,**,***
*,,**,* #...○#..######,*,,,,,,,
*,,,,,* #....E@.....#*,,,,,,*,,
***,******#########.#[#***,**,*,,
,,,,,,,,,* **#..****,**,,,,
**,*****,* *****,,....,*,**,*,*
*,**,,,,*****,,,,,,,.##,*,,,,,,*
*,**,**,,),,,,,,,,,,,.,,****,,,,
*,**,**,****,,,,,,,,,*,,* *****
*,,,,,,,* *,***,,*,**,,*
**,,,**** *,* *,,*,**,,*


You could see a fire elemental.

Vanquished Creatures
  Grinder (D:4)
  Sigmund (D:4)
  A fire elemental (D:4)
  Edmund (D:3)
  A black bear (D:4)
  An ice beast (D:4)
  A necrophage (D:5)
  An ogre (D:4)
  2 scorpions
  A hound (D:4)
  A bullfrog skeleton (D:5)
  A hound skeleton (D:4)
  Robin (D:3)
  A gnoll (D:1)
  6 adders
  An ufetubus (D:4)
  4 worms
  2 bats
  2 giant cockroaches (D:1)
  10 goblins
  8 hobgoblins
  3 jackals (D:4)
  A kobold (D:3)
  3 quokkas
  5 ball pythons
  5 frilled lizards
  3 rats
  A spectral goblin (D:1)
69 creatures vanquished.

Notes
Turn   | Place    | Note
-------+----------+-------------------------------------------
     0 | D:1      | rabbi the Troll Monk began the quest for the Orb.
     0 | D:1      | Reached XP level 1. HP: 22/22 MP: 0/0
   432 | D:1      | Reached XP level 2. HP: 18/29 MP: 1/1
   838 | D:1      | Found a faded altar of an unknown god.
   846 | D:1      | Prayed at the altar of an unknown god.
   846 | D:1      | Became a worshipper of Ignis, the Dying Flame
   846 | D:1      | Reached ****** piety under Ignis
  1120 | D:2      | Reached XP level 3. HP: 32/36 MP: 2/2
  1812 | D:3      | Noticed Robin
  1837 | D:3      | Reached XP level 4. HP: 27/44 MP: 3/3
  1858 | D:3      | Reached skill level 4 in Unarmed Combat
  1866 | D:3      | Killed Robin
  2105 | D:3      | Found an iron altar of Okawaru.
  2110 | D:3      | You fall into a shaft and drop 2 floors!
  2110 | D:5      | Entered Level 5 of the Dungeon
  2110 | D:5      | Noticed a scorpion
  2111 | D:5      | Found a large runed translucent door.
  2111 | D:5      | Found a large runed translucent door.
  2128 | D:5      | Killed a scorpion
  2129 | D:5      | Reached XP level 5. HP: 25/52 MP: 4/4
  2267 | D:4      | Noticed an ogre
  2275 | D:4      | Noticed Edmund
  2880 | D:4      | Reached skill level 5 in Unarmed Combat
  2954 | D:3      | Found an iron altar of Okawaru.
  2958 | D:3      | Killed Edmund
  2959 | D:3      | Reached XP level 6. HP: 54/59 MP: 5/5
  2961 | D:3      | Found an iron altar of Okawaru.
  3254 | D:4      | Noticed Sigmund
  3270 | D:4      | Killed Sigmund
  3270 | D:4      | Noticed an ice beast
  3271 | D:4      | Reached skill level 6 in Unarmed Combat
  3271 | D:4      | Reached XP level 7. HP: 64/67 MP: 6/6
  3319 | D:4      | Noticed Grinder
  3322 | D:4      | Paralysed by Grinder for 7 turns
  3355 | D:4      | Paralysed by Grinder for 6 turns
  3365 | D:4      | Killed Grinder
  3366 | D:4      | Reached skill level 7 in Unarmed Combat
  3417 | D:4      | Reached XP level 8. HP: 70/75 MP: 7/7
  3581 | D:4      | Found a glowing silver altar of Zin.
  3585 | D:4      | Fell from the grace of Ignis
  3585 | D:4      | Became a worshipper of Zin the Law-Giver
  3585 | D:4      | Reached * piety under Zin
  3749 | D:4      | Found a basalt altar of Yredelemnul.
  3769 | D:4      | Found a basalt altar of Yredelemnul.
  4106 | D:4      | Slain by a fire elemental

Illustrated notes

Levels and vault maps discovered:
D:1:      sevenhm_arrival_forest_fort_large_4, layout_rooms,
          serial_co_window_serial, co_window_corner_a, co_window_paths_b,
          co_window_corner_a, co_window_paths_b, co_window_corner_a,
          co_window_unsneaky_path_d, co_window_corner_cb, co_window_corner_b,
          co_window_broadway_b, co_window_corner_cb, co_window_paths_e,
          glass_columns_c, glass_columns_c,
          dreamdust_ecumenical_altar_drowned_temple,
          chequers_serial_rivers_large_b
D:2:      layout_basic, kennysheep_potato
D:3:      layout_basic, okawaru_ov_weapons_minmay, uniq_robin
D:4:      layout_loops_cross, nicolae_overflow_hidden_temple, zin_scriptorium,
          uniq_sigmund, uniq_edmund, uniq_grinder
D:5:      layout_loops_cross, jmf_multi_god_temple2,
          gammafunk_ghost_abyssal_escape, minmay_crystal_room

Skill      XL: |  1  2  3  4  5  6  7 |
---------------+----------------------+-----
Unarmed Combat | 4 5 6 7 |  7.8
Dodging        | 3 4 |  4.3
Fighting       | 3 |  3.5
Stealth        | 2 |  2.3
Throwing       | |  0.3

Action                   |  1- 3 |  4- 6 |  7- 9 || total
-------------------------+-------+-------+-------++-------
Melee: Unarmed           |    82 |    82 |    59 ||   223
       Punch             |     3 |     4 |     3 ||    10
Throw: Dart              |       |     2 |       ||     2
Evoke: Wand              |       |       |     1 ||     1
  Use: Scroll            |       |     5 |       ||     5
 Stab: Sleeping          |     4 |       |       ||     4
       Distracted        |       |     1 |     1 ||     2
Armor: Robe              |    18 |     1 |       ||    19
       Animal skin       |       |    11 |    19 ||    30
Dodge: Dodged            |    23 |    34 |    28 ||    85
